Map: Orbital Shipyard

Players

Pacifist

  • Race: Terran Terran
  • League: Grandmaster

TomikuS - Winner!

  • Race: Zerg Zerg
  • League: Grandmaster

Event: Lycan League Weekly July #1

VOD

Have the link to the VOD?

Description

Time

  • Played on: July 20, 2015, 1:06 p.m.
  • Length: 3:40

All games in this series

Show
View Real Time Build Order
Export as new Build Order

Pacifist Terran 

Build Orders:  

Get SALT Encoding   

  12  0:01  SCV  
  13  0:13  SCV  
  14  0:18  Supply Depot  
  14  0:25  Refinery  
  14  0:28  SCV  
  15  0:42  Barracks  
  15  0:45  SCV  
  16  1:00  Barracks  
  16  1:02  SCV  
  17  1:14  SCV  
  18  1:28  Orbital Command  
  18  1:29  Reaper  
  19  1:34  Supply Depot  
  19  1:47  Reaper  
  19  1:52  Barracks  
  20  1:54  SCV  
  21  2:02  Refinery  
  21  2:03  Reaper  
  21  2:08  SCV  
  23  2:20  SCV  
  23  2:21  Reaper  
  24  2:32  SCV  
  24  2:35  Reaper  
  26  2:40  Reaper, Barracks  
  26  2:43  Supply Depot  
  27  3:02  Reaper  
  28  3:07  Reaper  
  28  3:15  Command Center  
Show
View Real Time Build Order
Export as new Build Order

TomikuS Zerg - Winner!

Build Orders: Pool First 

Get SALT Encoding   

  12  0:01  Drone  
  13  0:13  Drone  
  14  0:16  Extractor  
  14  0:21  Drone  
  14  0:33  Spawning Pool  
  13  0:38  Drone  
  14  0:45  Overlord  
  14  1:03  Drone x3  
  17  1:16  Overlord  
  17  1:22  Queen  
  19  1:31  Baneling Nest  
  18  1:38  Drone x2  
  20  1:45  Metabolic Boost  
  20  1:48  Zergling x2  
  21  2:02  Zergling x2  
  22  2:14  Zergling x2  
  23  2:27  Overlord  
  23  2:37  Zergling x8  
  24  2:42  Baneling x2  
  27  2:50  Zergling x2  
  28  2:52  Hatchery  
  26  3:01  Zergling x2  
  26  3:14  Zergling x6  
  26  3:15  Zergling x2  

Tags
 
Add a new tag
Caveats
  • Supply blocks, unpowered buildings, or Contaminate may cause inaccurate times.
  • Supply counts are checked every 10 seconds.